 Dungeon Crawl Stone Soup version 0.23.0-3-gf3c87f2 (webtiles) character file.

Game seed: 10085692762943957980

141 Monsterracer the Cudgeler (level 5, -1/32 HPs)
             Began as a Gargoyle Skald on Feb 21, 2019.
             Killed from afar by an orc wizard (7 damage)
             ... with a puff of flame
             ... on level 3 of the Dungeon.
             The game lasted 00:03:18 (2496 turns).

Monsterracer the Cudgeler (Gargoyle Skald)          Turns: 2496, Time: 00:03:19

Health: -1/32      AC: 17    Str: 15    XL:     5   Next: 24%
Magic:  8/8        EV:  0    Int: 14    God:
Gold:   85         SH:  0    Dex:  9    Spells: 7/8 levels left

rFire    + . .     SeeInvis .   a - +0 flail
rCold    + . .     Gourm    .   (no shield)
rNeg     + . .     Faith    .   m - +0 gold dragon scales
rPois    ∞         Spirit   .   (no helmet)
rElec    +         Reflect  .   (no cloak)
rCorr    .         Harm     .   (no gloves)
MR       .....                  (no boots)
Stlth    ..........             (no amulet)
HPRegen  0.10/turn              (no ring)
MPRegen  0.11/turn              (no ring)

@: no status effects
A: negative energy resistance 1, electricity resistance, unbreathing,
petrification resistance, rot immunity, AC +4
a: no special abilities


You were on level 3 of the Dungeon.
You were near starving.

You visited 1 branch of the dungeon, and saw 3 of its levels.

You collected 85 gold pieces.

Inventory:

Hand Weapons
 a - a +0 flail (weapon)
   (You took it off an orc on level 3 of the Dungeon)
Armour
 m - +0 gold dragon scales (worn)
   (You found it on level 2 of the Dungeon)
Scrolls
 d - a scroll of teleportation {unknown}
 e - 2 scrolls of remove curse {unknown}
 f - 3 scrolls of identify {unknown}
 i - 2 scrolls of blinking {unknown}
Potions
 b - a potion of degeneration {unknown}
 g - 2 potions of curing {unknown}
 h - a potion of lignification {unknown}
 j - a potion of might {unknown}
 k - a potion of heal wounds {unknown}
 l - 2 potions of brilliance {unknown}
 n - a potion of agility {unknown}
 o - a potion of haste
Comestibles
 c - 6 rations


   Skills:
 + Level 3.4 Fighting
 * Level 4.0 Maces & Flails
 * Level 2.6 Armour
 - Level 1.5 Dodging
 - Level 2.0 Spellcasting
 - Level 2.6 Charms


You had 7 spell levels left.
You knew the following spells:

 Your Spells              Type           Power        Failure   Level  Hunger
a - Infusion              Chrm           #...         100%        1    ##.....

Your spell library contained the following spells:

 Spells                   Type           Power        Failure   Level  Hunger
 Shroud of Golubria       Chrm/Tloc      #.........   100%        2    ###....
 Song of Slaying          Chrm           #.......     100%        2    ###....
 Regeneration             Chrm/Necr      #.........   100%        3    ####...
 Spectral Weapon          Hex/Chrm       #.......     100%        3    ####...


Dungeon Overview and Level Annotations

Branches:
Dungeon (3/15)

Altars:
Ru
Wu Jian


Innate Abilities, Weirdness & Mutations

You are resistant to torment.
Your stone body is resilient. (AC +4)
You are immune to poison.
You resist negative energy. (rN+)
You are resistant to electric shocks. (rElec)
You can survive without breathing.
You are immune to petrification.
You are immune to rotting.


Message History

The orc wizard casts a spell at you.
The magic dart hits you but does no damage.
You take 1 damage, and have 31/32 hp.
Your gold dragon scales prevents you from hitting the orc wizard.
The orc wizard gestures at you while chanting.
The puff of frost hits you but does no damage.
You are near starving!
You miss the orc wizard.
The orc wizard hits you but does no damage.
You closely miss the orc wizard.
The orc wizard hits you but does no damage.
You closely miss the orc wizard.
The orc wizard hits you but does no damage.
You closely miss the orc wizard.
The orc wizard hits you but does no damage. x2
Your gold dragon scales prevents you from hitting the orc wizard.
The orc wizard hits you but does no damage.
Your gold dragon scales prevents you from hitting the orc wizard.
The orc wizard hits you but does no damage.
Health restored: 32 You closely miss the orc wizard.
The orc wizard hits you but does no damage.
Your gold dragon scales prevents you from hitting the orc wizard.
The orc wizard casts a spell at you. The magic dart hits you!
You take 10 damage, and have 22/32 hp.
MASSIVE DAMAGE!!
Your gold dragon scales prevents you from hitting the orc wizard.
The orc wizard casts a cantrip, but nothing happens.
The orc wizard hits you but does no damage.
You are too injured to fight recklessly!
You are too injured to fight recklessly!
Your gold dragon scales prevents you from hitting the orc wizard.
The orc wizard hits you but does no damage.
You are too injured to fight recklessly!
Your gold dragon scales prevents you from hitting the orc wizard.
The orc wizard hits you but does no damage.
You closely miss the orc wizard.
The orc wizard hits you but does no damage.
Your gold dragon scales prevents you from hitting the orc wizard.
The orc wizard hits you but does no damage.
You hit the orc wizard.
The orc wizard is heavily wounded.
The orc wizard casts a spell.
The orc wizard seems to speed up.
The orc wizard hits you but does no damage.
You barely miss the orc wizard.
The orc wizard is heavily wounded.
The orc wizard hits you but does no damage.
You hit the orc wizard.
The orc wizard is heavily wounded.
The orc wizard hits you but does no damage. x2
You hit the orc wizard.
The orc wizard is almost dead.
The orc wizard hits you but does no damage. x2
Your gold dragon scales prevents you from hitting the orc wizard.
The orc wizard is almost dead.
The orc wizard hits you but does no damage.
The orc wizard casts a spell at you.
The magic dart hits you but does no damage.
You closely miss the orc wizard.
The orc wizard is severely wounded.
The orc wizard miscasts a cantrip.
The orc wizard points at you and mumbles some strange words.
The magic dart hits you.
You take 5 damage, and have 18/32 hp.
Your gold dragon scales prevents you from hitting the orc wizard.
The orc wizard is severely wounded.
The orc wizard casts a spell.
The orc wizard flickers and vanishes!
Deactivating autopickup; reactivate with Ctrl-A.
You barely miss something. Something hits you.
* * * LOW HITPOINT WARNING * * *
You hear some strange, mumbled words.
A puff of frost appears from out of thin air!
The puff of frost hits you. You resist.
* * * LOW HITPOINT WARNING * * *
You take 6 damage, and have 12/32 hp.
You miss something. Something hits you but does no damage.
You hear some strange, mumbled words.
A puff of flame appears from out of thin air!
The puff of flame hits you but does no damage.
You resist.
Unknown command.
You closely miss something.
Something hits you but does no damage. x2
You closely miss something.
You hear some strange, mumbled words.
A magic dart appears from out of thin air!
The magic dart hits you.
* * * LOW HITPOINT WARNING * * *
You hear some strange, mumbled words.
A puff of frost appears from out of thin air!
The puff of frost hits you. You resist.
* * * LOW HITPOINT WARNING * * *
You take 7 damage, and have 6/32 hp.
MASSIVE DAMAGE!!
You miss something. Something hits you but does no damage.
You miss something. Something hits you but does no damage.
You hear some strange, mumbled words.
A puff of flame appears from out of thin air!
The puff of flame hits you! You resist.
You die...

###[.. #..... #####
##.....
####...#########......
#>..o....(............
..
#.#..o..########......
....###o#<.o..#
#......
.?......#####.#
#......
#######.#..@{o#
#...... ... #.#.#####
#...... . .' #o#.#
####### ....#.#.#.#
#.........#
.......).##
##...###... #... #..##
#.. #..#


You could see an orc.

Vanquished Creatures
  An orc priest (D:3)
  3 adders (D:2 D:3)
  3 gnolls (D:3)
  2 dart slugs (D:1)
  A leopard gecko (D:1)
  4 orcs (D:3)
  2 giant cockroaches (D:2)
  3 goblins (D:1)
  9 hobgoblins (D:1 D:2 D:3)
  4 jackals (D:1)
  A ball python (D:2)
  2 bats (D:1 D:2)
  4 frilled lizards (D:1 D:2)
  6 kobolds (D:1 D:2)
  3 rats (D:1)
48 creatures vanquished.

Notes
Turn   | Place    | Note
-------+----------+-------------------------------------------
     0 | D:1      | Monsterracer the Gargoyle Skald began the quest for the
                  | Orb.
     0 | D:1      | Reached XP level 1. HP: 12/12 MP: 3/3
   250 | D:1      | Reached XP level 2. HP: 18/18 MP: 5/5
   267 | D:1      | HP: 9/18 [leopard gecko (2)]
   758 | D:1      | Reached skill level 3 in Maces & Flails
   758 | D:1      | Reached XP level 3. HP: 22/22 MP: 6/6
  1450 | D:2      | Found a sacrificial altar of Ru.
  1551 | D:2      | Found an ornate altar of the Wu Jian Council.
  1687 | D:2      | Reached XP level 4. HP: 22/28 MP: 7/7
  1890 | D:3      | HP: 13/28 [adder (2)]
  1895 | D:3      | HP: 12/28 [adder (1)]
  1902 | D:3      | HP: 11/28 [adder (2)]
  2201 | D:3      | HP: 12/28 [something (3)]
  2203 | D:3      | Reached skill level 4 in Maces & Flails
  2203 | D:3      | Reached XP level 5. HP: 9/32 MP: 8/8
  2206 | D:3      | HP: 7/32 [something/puff of flame (1)]
  2491 | D:3      | HP: 15/32 [something (3)]
  2494 | D:3      | HP: 6/32 [something/puff of frost (2)]
  2496 | D:3      | Killed from afar by an orc wizard

Skill      XL: |  1  2  3  4 |
---------------+-------------+-----
Maces & Flails | 3 4 |  4.0
Fighting       | 3 |  3.4
Armour         | 2 |  2.6
Dodging        | |  1.5
Spellcasting   | |  2.0
Charms         | |  2.6

Action                   |  1- 3 |  4- 6 || total
-------------------------+-------+-------++-------
Melee: Mace              |   168 |    63 ||   231
       Flail             |       |    54 ||    54
 Cast: Infusion          |     2 |       ||     2
  Eat: Chunk             |     3 |     1 ||     4
Armor: Chain mail        |    79 |       ||    79
       Leather armour    |     3 |       ||     3
       Gold dragon scale |    73 |   141 ||   214
Dodge: Dodged            |    42 |     3 ||    45

Levels and vault maps discovered:
D:1:      psy_arrival_terrarium, layout_basic
D:2:      layout_rooms, marbit_many_paths, old_standard_altar,
          kennysheep_decorative_pillar
D:3:      layout_basic, first_ration, minmay_misc_feat_cross
